 Dungeon Sprint DCSS version 0.23-a0-26-g9187234747 (webtiles) character file.

8045 GordonOverkill the Executioner (level 11, -28/156 HPs)
             Began as a Hill Orc Berserker on Aug 3, 2018.
             Was the Champion of Trog.
             Annihilated by Donald
             ... wielding a +2 war axe of holy wrath
              (29 damage)
             ... in the Dungeon (Sprint III: "The Ten Rune Challenge").
             The game lasted 00:11:27 (2326 turns).

GordonOverkill the Executioner (Hill Orc Berserker) Turns: 2326, Time: 00:11:28

Health: -28/156    AC: 11    Str: 29    XL:     11   Next: 24%
Magic:  16/16      EV: 12    Int: 12    God:    Trog [******]
Gold:   2315       SH:  4    Dex: 10    Spells: 10/10 levels left

rFire    . . .     SeeInvis .   e - +9 battleaxe "Koqozih" {freeze, Fragile Int+5}
rCold    + . .     Gourm    .   (shield currently unavailable)
rNeg     . . .     Faith    .   v - +0 chain mail
rPois    .         Spirit   .   (no helmet)
rElec    .         Reflect  .   (no cloak)
rCorr    .         Harm     .   (no gloves)
MR       ++...     NoTele   +   (no boots)
Stlth    ..........             (no amulet)
HPRegen  1.36/turn              (no ring)
MPRegen  0.15/turn              (no ring)

@: berserking (expiring), lethally poisoned (-28 -> -28), regenerating, slowed
A: large bone plates 1, cold resistance 1, sense surroundings 1, wild magic 1
a: Berserk, Trog's Hand, Brothers in Arms, Renounce Religion


You were in the Dungeon.
You worshipped Trog.
Trog was exalted by your worship.
You were not hungry.

You visited 1 branch You collected 2397 gold pieces.
You spent 82 gold pieces at shops.

Inventory:

Hand Weapons
 a - a +6 antimagic battleaxe
 e - the +9 battleaxe "Koqozih" (weapon) {freeze, Fragile Int+5}
   (Trog gifted it to you in the Dungeon)

   It has been specially enchanted to freeze those struck by it, causing extra
   injury to most foes and up to half again as much damage against particularly
   susceptible opponents.
   It can also slow down cold-blooded creatures.
   It affects your intelligence (+5).
   It will be destroyed if unequipped.
 k - a +4 executioner's axe of electrocution
Armour
 v - a +0 chain mail (worn)
Wands
 b - a wand of disintegration (18)
Scrolls
 i - a scroll of blinking
 m - a scroll of remove curse
 o - a scroll of holy word
 p - a scroll of magic mapping
Potions
 c - a potion of mutation
 d - 2 potions of curing
 f - 3 potions of haste
 g - 2 potions of magic
 h - 2 potions of berserk rage
 q - a potion of flight
Miscellaneous
 r - a phial of floods
Comestibles
 j - 10 rations


   Skills:
 - Level 12.2 Fighting
 + Level 23.2 Axes
 - Level 10.9 Armour
 - Level 7.9 Dodging
 - Level 7.4 Evocations


You had 10 spell levels left.
You didn't know any spells.
Your spell library was empty.

Dungeon Overview and Level Annotations

Branches:
Dungeon (1/1)

Altars:
Cheibriados
Dithmenos
Elyvilon
Fedhas
Gozag
Hepliaklqana
Kikubaaqudgha
Makhleb
Nemelex Xobeh
Okawaru
Qazlal
Ru
Sif Muna
Trog
Uskayaw
Vehumet
Wu Jian
Xom
Yredelemnul
Zin
The Shining One
Beogh
Jiyva
Lugonu

Shops:
D ?

Annotations:
D Donald, Frances


Innate Abilities, Weirdness & Mutations

You are partially covered in large bone plates. (SH +4)
Your flesh is cold resistant. (rC+)
You passively map a small area around you.
Your spells are a little harder to cast, but a little more powerful.


Message History

You slice Donald!! You freeze Donald!
Donald is heavily wounded.
You feel sick.
Donald hits you with a war axe of holy wrath!!
* * * LOW HITPOINT WARNING * * *
You hit Donald. You freeze Donald.
Donald is heavily wounded.
Donald hits you with a war axe of holy wrath!
* * * LOW HITPOINT WARNING * * *
Donald blocks your attack.
Donald is heavily wounded.
You feel sick.
Donald hits you with a war axe of holy wrath!!
* * * LOW HITPOINT WARNING * * *
Frances whispers indecipherable words.
Your chain mail prevents you from hitting Donald.
Donald is heavily wounded.
You feel sick.
Donald hits you with a war axe of holy wrath!!
You die...

#'###########################***,
#..§≈≈'.#.'...'.#.#)#)'...≈≈#,**,
#)#≈≈§#.#.#)).##.#.#.##...≈≈###**
[)#§§§#.#(#)).#.#.#.#)#...≈≈≈≈#*,
#.#§§§#...#...##.#.#.##...≈≈≈≈#*,
▓▓▓▓▓▓▓▓▓▓▓▓▓▓#.#.#.#.#.......#*,
,,,,,,,,≈≈≈,,,##.#.#.##.......#**
≈≈≈≈≈≈≈≈≈≈**,,+.#.#.#.#.......#*,
************,,##@#.#.##########**
****#@#####**********,
***************43@+,≈≈≈≈**,,≈≈≈*,
,**≈≈≈≈≈≈,,*,,#.3.#,≈≈≈≈*≈,≈*≈≈*,
*,*≈≈≈≈≈,,,*,,#...#,*≈≈≈**≈**≈≈**
,**+≈≈≈≈≈****+#####,*,≈≈≈***≈≈≈*,
,,,*≈≈,,,,,,,,*,,,,,***≈≈≈≈≈≈≈≈**
*,,*≈,,+*******,,,,,*,*,≈≈≈≈≈≈≈*,
****,,,*,,,,,,*,,,,,*+***≈≈≈≈≈≈*,


You could see Frances, Donald, a hellwing, a sixfirhy and a ynoxinul.

Vanquished Creatures
  A centaur warrior (D)
  An orc high priest (D)
  2 deep elf knights (D)
  An unseen horror (D)
  4 deep elf magi (D)
  An orc sorcerer (D)
  A queen bee (D)
  A shadow (D)
  A spatial vortex (D)
  2 orc warriors (D)
  A necrophage (D)
  2 centaurs (D)
  An earth elemental (D)
  A water elemental (D)
  A scorpion (D)
  31 killer bees (D)
  A jelly (D)
  2 orc priests (D)
  2 orc wizards (D)
  Jessica (D)
  A wizard (D)
  A necromancer (D)
  A kobold demonologist (D)
  3 humans (D)
  2 oozes (D)
  10 orcs (D)
  A rat (D)
77 creatures vanquished.

Vanquished Creatures (collateral kills)
  Josephine (D)
  A killer bee (D)
2 creatures vanquished.

Vanquished Creatures (others)
  2 draconian scorchers (D)
  6 hellions (D)
  2 yaktaurs (D)
  3 plants (D)
13 creatures vanquished.

Grand Total: 92 creatures vanquished

Notes
Turn   | Place    | Note
-------+----------+-------------------------------------------
     0 | D        | GordonOverkill the Hill Orc Berserker began the quest for the Orb.
     0 | D        | Reached XP level 1. HP: 19/19 MP: 1/1
    51 | D        | Reached XP level 2. HP: 28/28 MP: 2/2
    98 | D        | Noticed Jessica
    99 | D        | Killed a hellion
   102 | D        | Reached ** piety under Trog
   109 | D        | Killed Jessica
   109 | D        | Reached skill level 5 in Fighting
   109 | D        | Reached skill level 5 in Axes
   109 | D        | Reached XP level 3. HP: 36/36 MP: 3/3
   128 | D        | Killed a hellion
   129 | D        | Killed a hellion
   160 | D        | Killed a hellion
   175 | D        | Killed a hellion
   190 | D        | Reached skill level 6 in Axes
   205 | D        | Killed a white draconian scorcher
   224 | D        | Killed a hellion
   317 | D        | Killed a white draconian scorcher
   338 | D        | Noticed a scorpion
   344 | D        | Killed a scorpion
   344 | D        | Reached *** piety under Trog
   344 | D        | Reached skill level 7 in Axes
   344 | D        | Reached skill level 5 in Armour
   344 | D        | Reached XP level 4. HP: 45/45 MP: 4/4
   404 | D        | Gained mutation: You have sharp toenails. [potion of mutation]
   404 | D        | Gained mutation: You tend to lose your temper in combat. [potion of mutation]
   404 | D        | Gained mutation: You are partially covered in large bone plates. (SH +4) [potion of mutation]
   405 | D        | Lost mutation: You tend to lose your temper in combat. [potion of mutation]
   405 | D        | Lost mutation: You have sharp toenails. [potion of mutation]
   405 | D        | Gained mutation: Your spells are a little harder to cast, but a little more powerful. [potion of mutation]
   405 | D        | Gained mutation: You passively map a small area around you. [potion of mutation]
   405 | D        | Gained mutation: Your flesh is cold resistant. (rC+) [potion of mutation]
   429 | D        | Noticed a water elemental
   433 | D        | Killed a water elemental
   433 | D        | Reached skill level 8 in Axes
   433 | D        | Reached XP level 5. HP: 52/52 MP: 5/5
   488 | D        | Found a radiant altar of Vehumet.
   488 | D        | Found a deep blue altar of Sif Muna.
   488 | D        | Found an ancient bone altar of Kikubaaqudgha.
   494 | D        | Reached skill level 5 in Dodging
   496 | D        | Reached **** piety under Trog
   496 | D        | Reached skill level 9 in Axes
   538 | D        | Found a glowing silver altar of Zin.
   538 | D        | Found a glowing golden altar of the Shining One.
   538 | D        | Found a white marble altar of Elyvilon.
   539 | D        | Noticed a deep elf mage
   546 | D        | Killed a deep elf mage
   546 | D        | Reached skill level 13 in Axes
   546 | D        | Reached XP level 6. HP: 70/70 MP: 6/6
   546 | D        | Reached XP level 7. HP: 77/77 MP: 7/7
   596 | D        | Killed a yaktaur
   600 | D        | Found a hide-covered altar of Uskayaw.
   600 | D        | Found a roughly hewn altar of Beogh.
   600 | D        | Found an iron altar of Okawaru.
   600 | D        | Found a bloodstained altar of Trog.
   600 | D        | Found an ornate altar of the Wu Jian Council.
   600 | D        | Noticed a human
   601 | D        | Noticed a human
   606 | D        | Killed a human
   606 | D        | Reached skill level 14 in Axes
   607 | D        | Killed a human
   607 | D        | Reached skill level 15 in Axes
   607 | D        | Reached XP level 8. HP: 83/83 MP: 8/8
   655 | D        | Found a basalt altar of Yredelemnul.
   655 | D        | Found a shadowy altar of Dithmenos.
   655 | D        | Found a sacrificial altar of Ru.
   661 | D        | Reached ***** piety under Trog
   664 | D        | Received a gift from Trog
   724 | D        | Noticed a shadow
   729 | D        | Killed a shadow
   729 | D        | Reached skill level 16 in Axes
   735 | D        | Noticed Josephine
   743 | D        | Killed Josephine
   743 | D        | Reached skill level 18 in Axes
   840 | D        | Found a blossoming altar of Fedhas.
   840 | D        | Found a stormy altar of Qazlal.
   841 | D        | Found a snail-covered altar of Cheibriados.
   841 | D        | Found a burning altar of Makhleb.
   841 | D        | Found a hazy altar of Hepliaklqana.
   841 | D        | Found a shimmering altar of Xom.
   841 | D        | Found an opulent altar of Gozag.
   841 | D        | Found a sparkling altar of Nemelex Xobeh.
   841 | D        | Found a corrupted altar of Lugonu.
   841 | D        | Found a viscous altar of Jiyva.
   846 | D        | Reached XP level 9. HP: 89/89 MP: 3/9
   869 | D        | Noticed an orc sorcerer
   879 | D        | Killed an orc sorcerer
   879 | D        | Reached skill level 19 in Axes
   889 | D        | Reached skill level 20 in Axes
   891 | D        | Noticed an orc high priest
   894 | D        | Received a gift from Trog
   894 | D        | Reached skill level 1 in Evocations
   901 | D        | Noticed an ice devil
   913 | D        | Noticed a smoke demon
   915 | D        | Killed an orc high priest
   917 | D        | Received a gift from Trog
   925 | D        | Received a gift from Trog
  1133 | D        | Found Lesk's Magic Scroll Emporium.
  1159 | D        | Bought a scroll of magic mapping for 38 gold pieces
  1160 | D        | Bought a scroll of identify for 22 gold pieces
  1163 | D        | Bought a scroll of identify for 22 gold pieces
  1166 | D        | Noticed a deep elf mage
  1166 | D        | Noticed a deep elf knight
  1166 | D        | Noticed a deep elf knight
  1166 | D        | Noticed a deep elf mage
  1166 | D        | Noticed a deep elf mage
  1184 | D        | Killed a deep elf mage
  1184 | D        | Reached XP level 10. HP: 89/96 MP: 5/15
  1190 | D        | Killed a deep elf knight
  1190 | D        | Reached ****** piety under Trog
  1190 | D        | Received a gift from Trog
  1195 | D        | Killed a deep elf mage
  1195 | D        | Reached skill level 10 in Armour
  1200 | D        | Killed a deep elf knight
  1368 | D        | Killed a deep elf mage
  1469 | D        | Noticed a deep elf high priest
  1470 | D        | Noticed a deep elf mage
  1505 | D        | Received a gift from Trog
  1682 | D        | Noticed a centaur warrior
  1687 | D        | Killed a centaur warrior
  1687 | D        | Received a gift from Trog
  1687 | D        | Reached skill level 21 in Axes
  1884 | D        | Killed an unseen horror
  2003 | D        | Reached XP level 11. HP: 103/103 MP: 5/16
  2021 | D        | Received a gift from Trog
  2021 | D        | Reached skill level 22 in Axes
  2055 | D        | Received a gift from Trog
  2086 | D        | Received a gift from Trog
  2088 | D        | Reached skill level 23 in Axes
  2104 | D        | Received a gift from Trog
  2229 | D        | Got a smoking battleaxe {god gift}
  2230 | D        | Identified the +9 battleaxe "Koqozih" {freeze, Fragile Int+5} (Trog gifted it to you in the Dungeon)
  2314 | D        | Noticed Donald
  2314 | D        | Noticed Frances
  2317 | D        | Noticed a sixfirhy
  2325 | D        | HP: 1/156 [Donald/war axe of holy wrath (24)]
  2326 | D        | Annihilated by Donald

Vault maps used:
D:        dungeon_sprint_mu

Skill      XL: |  1  2  3  4  5  6  7  8  9 10 11 |
---------------+----------------------------------+-----
Fighting       | 4 5 6 7 12 | 12.2
Dodging        | 2 3 4 5 7 |  7.9
Armour         | 3 4 5 8 10 | 10.9
Axes           | 5 7 8 13 15 18 20 21 23 | 23.2
Evocations     | 7 |  7.4

Action                   |  1- 3 |  4- 6 |  7- 9 | 10-12 || total
-------------------------+-------+-------+-------+-------++-------
Melee: Hand axe          |    20 |    15 |    12 |       ||    47
       Battleaxe         |       |       |    67 |   127 ||   194
       Executioner's axe |       |       |       |    10 ||    10
Invok: Berserk           |     5 |     3 |     5 |     1 ||    14
       Brothers in Arms  |       |       |     1 |     2 ||     3
       Trog's Hand       |       |       |     3 |     3 ||     6
  Use: Potion            |       |     2 |       |     2 ||     4
       Scroll            |       |       |     5 |     2 ||     7
 Stab: Distracted        |       |       |     1 |       ||     1
  Eat: Ration            |     1 |       |     2 |     2 ||     5
       Chunk             |       |     2 |     3 |       ||     5
Armor: Animal skin       |     3 |       |       |       ||     3
       Leather armour    |       |       |     1 |       ||     1
       Robe              |       |       |     2 |       ||     2
       Chain mail        |       |       |       |    57 ||    57
Dodge: Dodged            |     9 |     7 |    19 |    53 ||    88
Block: Other             |       |       |     6 |    18 ||    24

Table legend:
 A = Spawn XP
 B = Non-spawn XP
 C = Spawn XP percentage of total XP
 D = Spawn monster count
 E = Non-spawn monster count
 F = Spawn count percentage of total count
 G = Total turns spent on level
                    A         B        C        D         E        F      G
               +---------+---------+-------+---------+---------+-------+---------
         Total |       0 |   11494 |   0.0 |       0 |      79 |   0.0 |  2326
               +---------+---------+-------+---------+---------+-------+---------
             D |       0 |   11494 |   0.0 |       0 |      79 |   0.0 |  2326
               +---------+---------+-------+---------+---------+-------+---------
